Map: Rhoskallian LE

Players

Massa

  • Race: Terran Terran
  • League: Platinum
  • Spawn Location: 11:00

qqq

  • Race: Zerg Zerg
  • Spawn Location: 12:00

Guigui - Winner!

  • Race: Terran Terran
  • League: Diamond
  • Spawn Location: 5:00

Malo - Winner!

  • Race: Zerg Zerg
  • League: Diamond
  • Spawn Location: 6:00

VOD

Have the link to the VOD?

Description

Time

  • Played on: March 17, 2021, 1:53 p.m.
  • Length: 9:49
Show
View Real Time Build Order
Export as new Build Order

Massa Terran 

Build Orders:  

Get SALT Encoding   

  12  0:01  SCV  
  13  0:13  SCV  
  14  0:23  Supply Depot  
  14  0:25  SCV  
  15  0:44  SCV  
  15  0:46  Barracks  
  16  0:50  Refinery  
  16  0:57  SCV  
  17  1:09  SCV  
  18  1:21  SCV  
  19  1:33  SCV  
  20  1:43  Reaper  
  20  1:45  Command Center  
  21  2:04  Orbital Command, Barracks  
  21  2:15  Marine  
  22  2:34  SCV  
  23  2:52  Marine  
  23  2:53  Factory  
  23  3:05  Orbital Command  
  23  3:06  SCV  
  24  3:18  SCV  
  25  3:25  Barracks Tech Lab  
  25  3:31  SCV  
  26  3:40  Supply Depot  
  25  3:42  Bunker  
  25  3:43  SCV  
  25  3:47  Hellion  
  28  3:59  Marine  
  28  4:00  Marine, Stimpack  
  30  4:04  SCV x2  
  30  4:08  Hellion  
  34  4:10  Command Center  
  34  4:12  Starport  
  34  4:16  SCV x2  
  36  4:18  Marine  
  37  4:28  SCV  
  38  4:46  Refinery  
  38  4:49  Engineering Bay  
  38  4:52  Supply Depot  
  38  4:53  Supply Depot x2  
  38  4:54  SCV  
  39  5:16  Factory Tech Lab  
  39  5:17  Supply Depot  
  39  5:20  Starport Tech Lab  
  39  5:24  Missile Turret  
  39  5:25  SCV x3  
  39  5:27  Barracks Reactor  
  42  5:31  Terran Infantry Weapons Level 1, Missile Turret  
  42  5:35  Armory  
  42  5:37  SCV x2  
  42  5:38  Barracks x2  
  44  5:43  Barracks  
  44  5:48  Combat Shield  
  44  5:55  Refinery  
  44  5:56  Refinery  
  44  6:05  Marine  
  44  6:06  Marine x2  
  47  6:23  Marine  
  47  6:24  Marine x2  
  50  6:41  Marine x2  
  50  6:42  Marine  
  48  6:54  Barracks Reactor, Barracks Tech Lab x2  
  48  6:56  Raven  
  48  6:59  Marine x3  
  53  7:07  Orbital Command, Missile Turret  
  53  7:09  SCV x2  
  55  7:19  Marauder x3, Marine x2  
  55  7:21  SCV x2  
  65  7:33  SCV x2, Siege Tank  
  70  7:37  Marine x2  
  70  7:40  Marauder x2, Marine  
  70  7:43  SCV  
  78  7:45  SCV x2  
  80  7:53  Missile Turret  
  80  7:55  SCV  
  81  8:01  Marauder x2, Marine x3  
  81  8:02  Marauder, Marine  
  91  8:13  Supply Depot x2  
  91  8:16  Missile Turret  
  91  8:17  Siege Tank  
  91  8:19  Marine x2  
  90  8:22  Marauder  
  68  8:36  Supply Depot  
  68  8:37  Missile Turret, Supply Depot  
  68  8:38  Marauder x2  
  68  8:39  Marine x2  
  72  8:42  Marine x2  
  72  8:44  Marauder  
  76  8:49  Siege Tank  
  79  8:56  Marine x2  
  79  8:59  Supply Depot  
  79  9:00  Marauder x2, Marine  
  79  9:01  Supply Depot  
  86  9:03  Marine  
  86  9:05  Marauder  
  89  9:14  Marine x2  
  91  9:21  Marauder x2  
  93  9:24  Supply Depot  
  93  9:26  Marauder  
Show
View Real Time Build Order
Export as new Build Order

qqq Zerg 

Build Orders: Hatch First 

Get SALT Encoding   

  12  0:06  Drone  
  13  0:22  Drone, Overlord  
  14  0:47  Hatchery  
  13  0:53  Drone  
  13  0:54  Drone  
  15  1:02  Drone  
  16  1:22  Extractor  
  16  1:23  Spawning Pool  
  14  1:34  Drone x3  
  17  2:03  Drone  
  17  2:04  Drone  
  17  2:05  Drone  
  20  2:08  Drone  
  20  2:09  Queen x2  
  25  2:19  Overlord  
  25  2:21  Drone  
  26  2:31  Drone, Zergling x2  
  28  2:38  Zergling x2  
  28  2:40  Zergling x2  
  30  2:44  Zergling x2  
  31  3:04  Metabolic Boost  
  31  3:12  Zergling x2  
  32  3:13  Drone x2, Zergling x4  
  36  3:25  Zergling x4  
  36  3:26  Zergling x2  
  36  3:30  Zergling x2  
  36  3:31  Zergling x2  
  36  3:50  Overlord  
  36  3:51  Overlord x4  
  35  3:59  Drone  
  36  4:08  Lair  
  36  4:10  Drone x4  
  40  4:18  Queen  
  40  4:22  Drone  
  43  4:32  Drone x3  
  46  4:40  Extractor  
  37  5:03  Hatchery  
  37  5:04  Drone x2  
  37  5:05  Drone x4  
  42  5:20  Spire  
  41  5:23  Drone x4  
  45  5:28  Extractor  
  45  5:29  Extractor  
  43  5:38  Drone  
  43  5:40  Drone  
  45  5:43  Drone  
  45  5:45  Drone  
  47  5:50  Drone x2  
  47  5:52  Drone  
  47  5:53  Hatchery  
  47  5:54  Drone  
  50  6:04  Drone x5  
  55  6:11  Drone  
  55  6:12  Drone x2  
  55  6:16  Overlord  
  58  6:18  Overlord  
  58  6:25  Spore Crawler  
  56  6:33  Mutalisk x2  
  56  6:35  Mutalisk  
  56  6:38  Mutalisk  
  56  6:39  Mutalisk  
  66  6:46  Mutalisk x2  
  70  6:53  Mutalisk x2  
  74  7:03  Mutalisk  
  74  7:08  Drone x4, Overlord  
  79  7:11  Zerg Flyer Weapons Level 1  
  80  7:26  Mutalisk  
  80  7:28  Drone x5  
  80  7:29  Drone  
  88  7:34  Extractor  
  88  7:35  Spore Crawler x2  
  88  7:36  Spore Crawler  
  84  7:39  Infestation Pit  
  84  7:43  Mutalisk  
  85  7:55  Mutalisk  
  85  7:57  Mutalisk  
  85  7:58  Drone x3, Overlord x2  
  91  7:59  Zergling x4, Overlord  
  94  8:06  Extractor, Queen  
  95  8:22  Mutalisk, Hive  
  95  8:25  Spine Crawler  
  80  8:37  Spine Crawler  
  71  8:47  Mutalisk x2  
  71  8:48  Mutalisk x2  
  77  8:53  Baneling Nest  
  76  8:58  Zergling x14  
  76  8:59  Zergling x14  
  89  9:10  Mutalisk x2  
  89  9:11  Zergling x6  
  89  9:12  Zergling x2  
  90  9:29  Zergling x12  
Show
View Real Time Build Order
Export as new Build Order

Guigui Terran - Winner!

Build Orders: Reaper Expand 

Get SALT Encoding   

  12  0:00  SCV  
  13  0:12  SCV  
  14  0:19  Supply Depot  
  14  0:25  SCV  
  15  0:41  SCV  
  15  0:42  Barracks  
  16  0:47  Refinery  
  16  0:53  SCV  
  16  1:12  SCV  
  17  1:27  SCV  
  18  1:35  Command Center  
  18  1:40  SCV  
  18  1:46  Reaper  
  20  1:53  SCV  
  21  2:05  Orbital Command  
  21  2:18  Supply Depot  
  21  2:22  Refinery  
  20  2:24  Marine  
  21  2:30  SCV  
  22  2:43  SCV, Factory  
  23  2:46  Barracks Reactor  
  23  2:52  Orbital Command  
  23  2:56  SCV  
  24  3:20  SCV  
  24  3:23  SCV  
  25  3:27  Factory Tech Lab  
  25  3:28  Marine  
  25  3:29  Marine  
  25  3:30  Supply Depot  
  25  3:32  SCV  
  28  3:35  SCV  
  29  3:42  Bunker  
  29  3:44  SCV  
  29  3:46  Marine x2  
  29  3:47  SCV, Siege Tank  
  36  3:56  SCV  
  36  3:59  SCV  
  36  4:02  Barracks  
  38  4:05  Marine x2  
  38  4:08  SCV  
  41  4:12  Supply Depot  
  41  4:14  SCV  
  42  4:20  SCV  
  42  4:23  Marine x2  
  45  4:27  Siege Tank  
  49  4:31  SCV  
  49  4:33  SCV  
  50  4:41  Marine x2  
  50  4:43  SCV  
  53  4:46  Command Center  
  53  5:00  SCV x2  
  53  5:03  Refinery  
  55  5:11  Engineering Bay  
  55  5:12  SCV x2  
  55  5:13  Barracks Tech Lab  
  55  5:14  Engineering Bay  
  57  5:20  Marine x2  
  59  5:25  SCV  
  60  5:33  Supply Depot  
  60  5:36  Refinery, SCV  
  61  5:55  Siege Tank  
  64  5:58  Orbital Command  
  64  6:01  Stimpack  
  64  6:03  Terran Infantry Armor Level 1, Terran Infantry Weapons Level 1  
  64  6:07  Barracks x2  
  64  6:17  SCV x2  
  66  6:20  Starport  
  66  6:22  Supply Depot  
  65  6:29  SCV  
  66  6:46  Missile Turret  
  66  6:48  Orbital Command  
  66  6:55  Marine x2  
  66  6:58  Barracks Tech Lab  
  66  7:00  Barracks Reactor  
  68  7:02  Armory, Supply Depot  
  68  7:04  SCV x2  
  70  7:09  Refinery  
  70  7:10  Marine  
  70  7:11  Siege Tank  
  70  7:12  Marine  
  70  7:13  Marine  
  76  7:16  SCV, Starport Reactor  
  77  7:25  Missile Turret  
  77  7:26  Missile Turret  
  77  7:28  Marine  
  78  7:30  Marine x2  
  78  7:36  Missile Turret  
  80  7:42  Marine x2  
  80  7:43  Marine, Siege Tank  
  86  7:46  Marine  
  86  7:48  Marine x2  
  89  7:53  Medivac x2  
  89  7:54  Missile Turret  
  89  7:57  SCV  
  89  7:58  SCV x2  
  96  8:00  Marine x3  
  96  8:03  Marine  
  100  8:06  Refinery, Marine  
  100  8:10  Supply Depot  
  100  8:11  Supply Depot  
  101  8:25  SCV  
  101  8:26  Marine  
  101  8:28  SCV x2  
  101  8:31  Medivac x2, Siege Tank  
  107  8:46  Marine x5  
  107  8:47  Marine  
  113  9:01  Medivac x2  
  117  9:10  Marine x3  
  117  9:25  Marine x2  
  117  9:37  Supply Depot  
Show
View Real Time Build Order
Export as new Build Order

Malo Zerg - Winner!

Build Orders: Pool First 

Get SALT Encoding   

  12  0:01  Drone  
  13  0:13  Overlord  
  13  0:18  Drone  
  14  0:31  Drone x2  
  16  0:35  Drone  
  17  0:44  Extractor  
  17  0:47  Spawning Pool  
  15  0:52  Drone  
  15  0:56  Drone  
  17  1:20  Hatchery  
  17  1:23  Drone  
  17  1:34  Queen  
  19  1:43  Drone  
  19  1:45  Metabolic Boost  
  20  1:53  Zergling x4  
  22  2:08  Extractor, Zergling x2  
  22  2:16  Overlord  
  23  2:33  Zergling x6  
  23  2:35  Queen  
  28  2:40  Drone  
  28  2:43  Drone x3  
  28  2:44  Drone  
  32  3:02  Overlord  
  32  3:13  Hatchery  
  32  3:18  Baneling Nest  
  29  3:29  Drone x6  
  29  3:31  Drone  
  35  3:34  Drone  
  35  3:44  Drone  
  35  3:47  Overlord x2  
  35  4:02  Drone x2  
  36  4:05  Evolution Chamber  
  36  4:09  Zergling x8  
  39  4:13  Queen  
  39  4:14  Overlord  
  41  4:18  Extractor  
  41  4:19  Lair  
  41  4:20  Drone  
  41  4:25  Queen  
  43  4:31  Baneling  
  43  4:37  Drone x3  
  43  4:38  Drone x3  
  47  4:40  Drone  
  48  4:53  Baneling x2  
  48  4:54  Zergling x2  
  48  4:55  Zergling x12  
  55  5:10  Baneling  
  55  5:14  Overlord  
  55  5:16  Overlord  
  55  5:22  Zerg Missile Weapons Level 1  
  55  5:25  Drone x2, Roach Warren  
  55  5:26  Extractor  
  55  5:27  Drone  
  56  5:30  Overlord  
  56  5:31  Extractor  
  56  5:35  Overlord  
  55  5:36  Drone x6  
  55  5:37  Drone  
  55  5:39  Drone  
  55  5:41  Drone  
  64  5:43  Drone  
  64  5:46  Drone  
  66  5:53  Queen  
  68  5:59  Drone  
  68  6:00  Drone x3  
  72  6:05  Glial Reconstitution  
  72  6:07  Evolution Chamber  
  72  6:08  Drone x3  
  72  6:10  Overseer  
  74  6:20  Spore Crawler  
  74  6:24  Extractor  
  69  6:47  Overlord x3  
  69  6:48  Roach  
  69  6:49  Roach x9  
  89  7:08  Overlord  
  89  7:09  Drone x3  
  89  7:10  Drone x8  
  89  7:14  Zerg Ground Armor Level 1  
  100  7:16  Zerg Missile Weapons Level 2  
  100  7:27  Spore Crawler  
  100  7:28  Drone  
  100  7:29  Drone x3, Spore Crawler x2  
  101  7:35  Spore Crawler  
  101  7:36  Extractor  
  99  7:41  Overlord  
  99  7:42  Roach x2  
  99  7:43  Roach  
  105  7:52  Spore Crawler  
  104  8:04  Overlord x8  
  104  8:23  Ravager  
  102  8:31  Roach x15  
  127  8:35  Ravager  
  127  8:40  Ravager  
  130  8:41  Zergling x2  
  130  8:42  Zergling x4  
  132  8:57  Roach  
  132  8:58  Roach x8  
  150  9:02  Hydralisk Den  
  150  9:05  Infestation Pit  
  148  9:13  Hatchery  
  147  9:18  Ravager  
  122  9:35  Ravager  
Tags
 
Add a new tag
Caveats
  • Supply blocks, unpowered buildings, or Contaminate may cause inaccurate times.
  • Supply counts are checked every 10 seconds.